Unix NetHack Version 3.7.0-90 Work-in-progress - last build Dec 4 2023 15:25:40 (a4ad6ea61a8c493010e15c9251bbb19a34919cb7,branch:master). Game began 2023-12-05 02:43:51, ended 2023-12-05 02:56:39. elenmirie, neutral female human Priestess --- --- .. . ----.. . ----.|... -.- .........-- |.| -......... |.| -........- |.| ---......... |.| G ....G......- --.| -.- ......--..-- .l. | GG G G -.......f-GG..u---- G 0....o..hdf@...| -.--<...--.:hr..| -- --.--- -- |.- B |.. |.. ---- Elenmirie the Adept St:14 Dx:14 Co:14 In:9 Wi:18 Ch:9 Neutral Dlvl:6 $:105 HP:0(36) Pw:85(85) AC:4 Xp:6/348 T:3543 Burdened Blind Latest messages: The rock mole bites! You kill the grid bug! You miss the rock mole. You hear crashing rock. You hit the rock mole. The rock mole bites! You kill the rock mole! You have a little trouble lifting $ - 24 gold pieces (105 in total). You try to feel what is lying here on the ground. You feel here an uncursed rock mole corpse. The grid bug bites! You avoid harm. The grid bug bites! You avoid harm. You try to feel what is lying here on the ground. You feel here an uncursed rock mole corpse. The grid bug bites! You avoid harm. You kill the grid bug! You stop searching. You hear crashing rock. You hit the dwarf. You hear a dwarf incant PRIRUTSENIE. A kitten suddenly appears close by! A jackal suddenly appears close by! A gnome lord suddenly appears next to you! A raven suddenly appears next to you! A kitten suddenly appears next to you! A gecko suddenly appears next to you! A dwarf suddenly appears close by! A hobgoblin suddenly appears close by! A pony suddenly appears close by! A leprechaun suddenly appears close by! A rabid rat suddenly appears close by! The kitten bites! The raven bites! It is missed. You are hit. The kitten is hit. The kitten bites! The raven bites! It misses! The kitten bites! The pony kicks! You die... Do you want your possessions identified? [ynq] (y) y Do you want to see your attributes? [ynq] (y) y Do you want an account of creatures vanquished? [ynaq] (y) y Do you want to see your conduct and achievements? [ynq] (y) y Do you want to see the dungeon overview? [ynq] (y) y Inventory: Coins $ - 105 gold pieces Weapons a - a blessed +1 mace (weapon in right hand) Armor c - an uncursed +0 small shield (being worn) b - an uncursed +0 robe (being worn) p - an uncursed +0 studded leather armor (being worn) Comestibles o - an uncursed clove of garlic l - an uncursed fortune cookie n - a cursed fortune cookie f - an uncursed sprig of wolfsbane Scrolls k - an uncursed scroll of charging A - an uncursed scroll of confuse monster m - an uncursed scroll of destroy armor Spellbooks q - an uncursed spellbook of cancellation h - an uncursed spellbook of detect food r - an uncursed spellbook of detect food g - an uncursed spellbook of detect monsters s - an uncursed spellbook of force bolt Potions B - a blessed potion of extra healing C - an uncursed potion of full healing v - a blessed potion of invisibility y - an uncursed potion of invisibility D - an uncursed potion of levitation w - an uncursed potion of paralysis J - an uncursed potion of sickness t - an uncursed potion of speed d - 4 potions of holy water Wands K - an uncursed wand of lightning (0:4) E - a cursed wand of lightning (0:3) u - an uncursed wand of magic missile (0:5) Tools I - an uncursed brass lantern e - a cursed skeleton key H - an uncursed tallow candle Elenmirie the Priestess's attributes: Background: You were an Adept, a level 6 human Priestess. You were neutral, nominally on a mission for The Lady who was opposed by Blind Io (lawful) and Offler (chaotic). You were right-handed. You were in the Gnomish Mines, on level 6. You entered the dungeon 3543 turns ago. It was nighttime. You had 348 experience points, 292 more were needed to attain level 7. Basics: You had 0 out of 36 hit points. You had all 85 energy points (spell power). Your armor class was 4. Your wallet contained 105 zorkmids. Autopickup was on for '$' plus thrown. Final Characteristics: Your strength was 14 (limit:18/100). Your dexterity was 14 (limit:18). Your constitution was 14 (limit:18). Your intelligence was 9 (limit:18). Your wisdom was 18 (limit:18). Your charisma was 9 (limit:18). Final Status: You were temporarily blind. You weren't hungry. You were burdened; movement was slightly slowed. You were wielding a mace. You were skilled in mace. Final Attributes: You were piously aligned. You were telepathic. You were guarded. You are dead. Miscellaneous: You never encountered a bones level. Total elapsed playing time was 12 minutes and 46 seconds. Major events: Turn 1: elenmirie the neutral human Priestess entered the dungeon 1458: attained the rank of Acolyte (level 3) 2596: entered the Gnomish Mines 3454: attained the rank of Adept (level 6) 3543: killed by a pony Vanquished creatures: a housecat a rock piercer 2 rock moles a shrieker a gnome leader a gnomish wizard a floating eye a kitten 4 dwarves a homunculus a kobold shaman a giant bat 4 orc zombies a wererat 6 manes 2 large kobolds 2 giant rats a brown mold 12 gnomes a gnome zombie 2 geckos a jackal a kobold 2 goblins 2 sewer rats 9 grid bugs 4 lichens 6 newts 72 creatures vanquished. No species were genocided or became extinct. Voluntary challenges: You were an atheist. You read items or engraved 2 times. You never engraved Elbereth. You never genocided any monsters. You never polymorphed an object. You never changed form. You used no wishes. Achievements: You attained the rank of Acolyte. You entered the Gnomish Mines. You attained the rank of Adept. The Dungeons of Doom: levels 1 to 5 Level 1: A fountain. Level 2: A fountain. Level 3: A sink. Level 4: A fountain, a grave. Stairs down to The Gnomish Mines. Level 5: Many fountains. Oracle of Delphi. The Gnomish Mines: levels 5 to 6 Level 5: Level 6: <- You were here. Final resting place for you, killed by a pony. Game over: ---------- / \ / REST \ / IN \ / PEACE \ / \ | elenmirie | | 105 Au | | killed by a pony | | | | | | | | 2023 | *| * * * | * _________)/\\_//(\/(/\)/\//\/|_)_______ Goodbye elenmirie the Priestess... You died in The Gnomish Mines on dungeon level 6 with 1757 points, and 105 pieces of gold, after 3543 moves. You were level 6 with a maximum of 36 hit points when you died.